 Dungeon Crawl Stone Soup version 0.30-b1-2-g02819fbbbe (webtiles) character file.

Game seed: 2985314724929421806

21 qtw55 the Ducker (level 2, -1/12 HPs)
             Began as a Felid Transmuter on May 9, 2023.
             Slain by an adder (3 damage)
             ... on level 2 of the Dungeon.
             The game lasted 00:02:06 (671 turns).

qtw55 the Ducker (Felid Transmuter)                  Turns: 671, Time: 00:02:07

Health: -1/12      AC:  1    Str:  6    XL:     2   Next: 65%
Magic:  6/6        EV: 18    Int: 14    God:
Gold:   34         SH:  0    Dex: 16    Spells: 4/5 levels left
                                        Lives:  0   Deaths: 0

rFire   . .          .
                       - Unarmed
rCold   . . .        (shield unavailable)
rNeg    . . .        (body armour unavailable)
rPois   .            (helmet unavailable)
rElec   .            (cloak unavailable)
rCorr   .            (gloves unavailable)
SInv    +            (boots unavailable)
Will    .....        (no amulet)
Stlth   +            (no ring)
HPRegen 0.22/turn    (no ring)
MPRegen 0.10/turn

%: no passive effects
@: appendages (expiring), quick
A: horns 2, very small, claws 1, fangs 3, see invisible, speed 1, shaggy fur 1,
stealthy paws, no weapons or thrown items, no armour, multi-lived
a: End Transformation


You were on level 2 of the Dungeon.
You had temporarily grown beastly horns.
You visited 1 branch of the dungeon, and saw 2 of its levels.

You collected 34 gold pieces.

Inventory:

Jewellery
 b - an amulet of reflection
Scrolls
 c - a scroll of magic mapping {unknown}
 d - a scroll of enchant armour {unknown}
Potions
 a - a potion of lignification
 e - a potion of flight {unknown}


   Skills:
 - Level 1.0 Fighting
 + Level 3.2 Dodging
 - Level 3.1 Unarmed Combat
 + Level 2.3 Spellcasting
 + Level 2.6 Transmutations


You had 4 spell levels left.
You knew the following spells:

 Your Spells              Type           Power      Damage    Failure   Level
a - Beastly Appendage     Tmut           18%        N/A       8%          1

Your spell library contained the following spells:

 Spells                   Type           Power      Damage    Failure   Level
 Wereblood                Tmut           9%         N/A       12%         2
 Spider Form              Tmut/Pois      5%         N/A       36%         3
 Ice Form                 Ice/Tmut       5%         N/A       78%         4


Dungeon Overview and Level Annotations

Branches:
Dungeon (2/15)

Altars:

Shops:
D:1 =


Innate Abilities, Weirdness & Mutations

You have temporarily grown beastly horns.
You have sharp claws.
You have razor-sharp teeth.
You have supernaturally acute eyesight. (SInv)
You cover ground quickly. (Speed+)
You are covered in fur. (AC +1)
Your paws help you pounce on unaware monsters.
You are incapable of wielding weapons or throwing items.
You cannot wear armour.
You gain extra lives every three experience levels.


Message History

You are no longer poisoned.
You see here 14 gold pieces.
The bat hits you.
* * * LOW HITPOINT WARNING * * *
Casting: Beastly Appendage (safe; 8% risk of failure)
Confirm with . or Enter, or press ? or * to list all spells.
Okay, then.
Unknown command.
Unknown command.
You are too injured to fight recklessly!
Casting: Beastly Appendage (safe; 8% risk of failure)
Confirm with . or Enter, or press ? or * to list all spells.
Okay, then.
Press: ? - help, v - describe, . - travel
Here: an adder (heavily wounded)
The floor.
Okay, then.
Okay, then.
You closely miss the bat.
Your transformation is almost over.
The bat misses you. The adder closely misses you.
You barely miss the adder.
The adder is heavily wounded.
The bat completely misses you. The adder misses you.
You barely miss the adder. Your bite misses the adder.
The adder is heavily wounded.
The bat misses you. The adder closely misses you.
You closely miss the adder. Your headbutt misses the adder.
The adder is heavily wounded.
The bat misses you. The adder closely misses you. The adder barely misses you.
You barely miss the adder. You headbutt the adder.
The adder is almost dead.
The bat misses you. The adder closely misses you.
You barely miss the adder.
The adder is almost dead.
The adder completely misses you.
You scratch the adder. Your claw misses the adder.
The adder is almost dead.
The bat closely misses you. The adder bites you.
You die...

####### .....$. .......
##...>... ######........
######.@$b.........
##########.......S..#.......
..............#######.?....?
###....#...#### #######
####......# ##.####..# #..#
#.# ###.######...
#.............


You could see an adder and a bat.

Vanquished Creatures
  A dart slug (D:1)
  A ball python (D:2)
  5 bats (D:1)
  An endoplasm (D:1)
  2 goblins (D:1)
  2 hobgoblins (D:1)
  2 jackals (D:1)
  2 frilled lizards
  A kobold (D:1)
17 creatures vanquished.

Notes
Turn   | Place    | Note
-------+----------+-------------------------------------------
     0 | D:1      | qtw55 the Felid Transmuter began the quest for the Orb.
     0 | D:1      | Reached XP level 1. HP: 9/9 MP: 4/4
   121 | D:1      | Reached XP level 2. HP: 12/12 MP: 6/6
   300 | D:1      | Found Woof's Jewellery Shop.
   671 | D:2      | Slain by an adder

Illustrated notes

Levels and vault maps discovered:
D:1:      beargit_arrival_greenhouse, layout_basic, serial_shops,
          nicolae_shop_hallway_stairs, feat_on_display
D:2:      layout_rooms, basic_altar

Skill      XL: |  1 |
---------------+----+-----
Dodging        | 3 |  3.2
Fighting       | |  1.0
Unarmed Combat | |  3.1
Spellcasting   | |  2.3
Transmutations | |  2.6

Action                     || total
---------------------------++-------
  Melee: Unarmed           ||    64
         Bite              ||     4
         Headbutt          ||     2
         Punch             ||     1
   Cast: Beastly Appendage ||     3
 Armour: Skin              ||     7
  Dodge: Dodged            ||    68
